 Dungeon Crawl Stone Soup version 0.27-a0-920-gb2bd10914a (webtiles) character file.

Game seed: 4976289169730929359

1983 stormannn the Magician (level 9, -2/61 HPs)
             Began as a Djinni Transmuter on Apr 10, 2021.
             Was an Initiate of Makhleb.
             Slain by a gnoll
             ... wielding a +0 halberd
              (18 damage)
             ... on level 7 of the Dungeon.
             The game lasted 00:22:04 (8564 turns).

stormannn the Magician (Djinni Transmuter)          Turns: 8564, Time: 00:22:05

Health: -2/61      AC:  2    Str: 12    XL:     9   Next: 20%
Gold:   160        EV: 24    Int: 15    God:    Makhleb [......] SH:  0 Dex: 19

rFire    . . .     SeeInvis .     - Unarmed
rCold    . . .     Faith    .   (shield currently unavailable)
rNeg     . . .     Spirit   .   (armour currently unavailable)
rPois    ∞         Reflect  .   (helmet currently unavailable)
rElec    .         Harm     .   (cloak currently unavailable)
rCorr    .         Rampage  .   (gloves currently unavailable)
Will     .....                  (boots unavailable)
Stlth    ++........             k - amulet of regeneration
HPRegen  1.20/turn              (no ring)
MPRegen  0.00/turn              (no ring)

@: mighty, spider-form, flying
A: venomous fangs, flying, tiny, (fire resistance 2), (cold vulnerability 1),
float, innate caster, hp casting, extra vitality 1
a: End Transformation, Renounce Religion


You were on level 7 of the Dungeon.
You worshipped Makhleb.
Makhleb was noncommittal.
You were a venomous arachnid creature.
You visited 2 branches of the dungeon, and saw 8 of its levels.

You collected 310 gold pieces.
You spent 150 gold pieces at shops.

Inventory:

Missiles
 x - 3 boomerangs of dispersal
Armour
 a - a +0 robe (melded)
 c - a +0 helmet (melded)
 n - a +2 buckler of reflection (melded)
Magical Staves
 d - a staff of conjuration
Jewellery
 k - an amulet of regeneration (around neck)
 y - a ring of flight
Wands
 o - a wand of random effects (16)
Scrolls
 e - a scroll of fear
 f - 2 scrolls of brand weapon
 g - 7 scrolls of identify {unknown}
 i - a scroll of vulnerability {unknown}
 j - a scroll of magic mapping {unknown}
 l - 2 scrolls of amnesia
 p - a scroll of acquirement {unknown}
 t - a scroll of silence
 w - a scroll of teleportation {unknown}
Potions
 b - a potion of haste
 h - a potion of degeneration {unknown}
 m - a potion of attraction {unknown}
 q - a potion of might
 r - a potion of lignification {unknown}
 s - a potion of magic {unknown}
 u - a potion of heal wounds {unknown}
 v - a potion of flight {unknown}


   Skills:
 - Level 3.5 Fighting
 - Level 6.1 Dodging
 - Level 4.0 Shields
 - Level 4.6 Unarmed Combat
 * Level 7.1 Spellcasting


You couldn't memorise any spells.
You knew the following spells:

 Your Spells              Type           Power      Damage    Failure   Level
a - Beastly Appendage     Tmut           52%        N/A       4%          1
b - Wereblood             Tmut           26%        N/A       5%          2
c - Spider Form           Tmut/Pois      13%        N/A       9%          3
d - Ice Form              Ice/Tmut       26%        N/A       19%         4
e - Hydra Form            Tmut           13%        N/A       41%         5
f - Corona                Hex            28%        N/A       4%          1
g - Slow                  Hex            26%        N/A       5%          2
h - Summon Guardian Gole  Hex/Summ       26%        N/A       9%          3
i - Confusing Touch       Hex            26%        N/A       9%          3
Your spell library was empty.

Dungeon Overview and Level Annotations

Branches:
Dungeon (7/15)             Temple (1/1) D:6

Altars:
Ashenzari
Cheibriados
Dithmenos
Fedhas
Gozag
Hepliaklqana
Makhleb
Nemelex Xobeh
Qazlal
Ru
Sif Muna
Trog
Uskayaw
Wu Jian
Xom
The Shining One

Shops:
D:4 [


Innate Abilities, Weirdness & Mutations

You are a venomous arachnid creature.
You have poisonous fangs.
You are tiny and dextrous.
You are flying.
Your spellcasting is less reliable in this form.
Your armour is entirely melded.
You are incapable of wielding weapons or throwing items.
You are immune to poison.
((Your flesh is very heat resistant. (rF++)))
((You are vulnerable to cold. (rC-)))
You float through the air rather than walking.
You learn spells naturally, not from books.
Your magical power is your life essence.
You have superior vitality. (+4 HP)


Message History

The orc priest calls down the wrath of Beogh upon you.
Beogh smites you! The gnoll completely misses you.
You bite the gnoll!
The gnoll is poisoned.
The gnoll is heavily wounded.
The gnoll closely misses you. x2
The orc priest mumbles some strange prayers to Beogh against you.
Beogh smites you!
* * * LOW HITPOINT WARNING * * *
The gnoll misses you.
You bite the orc priest!
You kill the orc priest!
Makhleb accepts your kill. The gnoll misses you. The gnoll closely misses you.
Your transformation has ended.
Your +0 helmet unmelds from your body.
Your +2 buckler of reflection unmelds from your body.
Your +0 robe unmelds from your body.
The gnoll closely misses you.
You cannot cast spells when silenced!
Your hearing returns.
Casting: Spider Form (dangerous; 2% risk of failure)
Confirm with . or Enter, or press ? or * to list all spells.
You turn into a venomous arachnid creature.
Your +0 helmet melds into your body.
Your +2 buckler of reflection melds into your body.
Your +0 robe melds into your body.
* * * LOW HITPOINT WARNING * * *
You kill the gnoll!
Makhleb accepts your kill. The gnoll completely misses you.
You bite the gnoll!
The gnoll is severely wounded.
The gnoll closely misses you. The gnoll barely misses you.
It was a potion of might.
You feel very mighty all of a sudden. The gnoll misses you.
The gnoll closely misses you.
You bite the gnoll!
You kill the gnoll!
Makhleb accepts your kill.
The gnoll hits you from afar with a +0 halberd!!
You die... #.....##.# #. #.....#.. #. ....g.. #. .ggg( #. .oo

# #. #g# #.##.#.##
#.# .....$..#####)#
#.....†)s.g.).#
##......)).)).#
#......#####.##
#...(..####.#.####.#
..#.###.#
..###.....# # #.
#.#.##.#.###..# #
#.# #.####..#
#.#.###.......#
#.....<.......#


You could see a gnoll.

Vanquished Creatures
  A hornet (D:3)
  A black bear (D:5)
  2 ogres
  A kobold brigand (D:6)
  2 bullfrogs
  A wyvern zombie (D:6)
  2 scorpions (D:6)
  A howler monkey (D:4)
  3 wights (D:6)
  A bullfrog skeleton (D:6)
  A jelly (D:6)
  3 orc priests (D:7)
  3 centaur skeletons
  5 hounds
  A gnoll shaman (D:7)
  Terence (D:2)
  4 iguanas
  5 orc wizards
  A killer bee zombie (D:6)
  10 gnolls
  6 adders
  2 howler monkey skeletons
  A white imp (D:6)
  2 ufetubi
  4 worms
  3 dart slugs
  18 orcs
  8 endoplasms
  4 giant cockroaches
  4 hobgoblins
  9 jackals
  11 kobolds
  3 quokkas (D:2)
  3 ball pythons
  3 bats
  2 frilled lizards (D:1)
  10 goblins
  2 rats
144 creatures vanquished.

Vanquished Creatures (others)
  A wizard (D:3)
  A plant (D:4)
2 creatures vanquished.

Grand Total: 146 creatures vanquished

Notes
Turn   | Place    | Note
-------+----------+-------------------------------------------
     0 | D:1      | stormannn the Djinni Transmuter began the quest for the
                  | Orb.
     0 | D:1      | Reached XP level 1. HP: 17/17 MP: 0/0
   719 | D:1      | Reached XP level 2. HP: 22/22 MP: 0/0
   750 | D:1      | Reached skill level 2 in Spellcasting
  2473 | D:1      | Reached XP level 3. HP: 21/27 MP: 0/0
  2473 | D:1      | Learned a level 1 spell: Corona
  2887 | D:2      | Noticed Terence
  2904 | D:2      | Killed Terence
  2905 | D:2      | Reached XP level 4. HP: 25/33 MP: 0/0
  3827 | D:2      | Found a faded altar of an unknown god.
  4708 | D:3      | Reached XP level 5. HP: 38/38 MP: 0/0
  4708 | D:3      | Learned a level 2 spell: Slow
  4882 | D:3      | Noticed a hornet
  4895 | D:3      | Killed a hornet
  4896 | D:3      | Reached skill level 3 in Spellcasting
  4896 | D:3      | Reached XP level 6. HP: 38/45 MP: 0/0
  5106 | D:3      | Found a bloodstained altar of Trog.
  5438 | D:3      | Noticed a wizard
  5442 | D:3      | Killed a wizard
  5622 | D:4      | You are sucked into a shaft and drop 2 floors!
  5636 | D:6      | Reached XP level 7. HP: 48/49 MP: 0/0
  5636 | D:6      | Learned a level 3 spell: Summon Guardian Golem
  5637 | D:6      | Reached skill level 5 in Dodging
  5752 | D:6      | Reached skill level 4 in Spellcasting
  5974 | D:5      | Entered Level 5 of the Dungeon
  6047 | D:5      | Reached XP level 8. HP: 50/56 MP: 0/0
  6230 | D:4      | Found Haleot's Antique Armour Shop.
  6237 | D:4      | Bought a shiny buckler for 150 gold pieces
  6376 | D:4      | Reached skill level 1 in Shields
  7047 | D:5      | Reached skill level 5 in Spellcasting
  7729 | D:6      | Found a staircase to the Ecumenical Temple.
  7751 | Temple   | Entered the Ecumenical Temple
  7981 | Temple   | Became a worshipper of Makhleb the Destroyer
  8328 | D:6      | Reached skill level 6 in Spellcasting
  8398 | D:6      | Reached XP level 9. HP: 44/61 MP: 0/0
  8398 | D:6      | Learned a level 3 spell: Confusing Touch
  8550 | D:7      | Reached skill level 7 in Spellcasting
  8564 | D:7      | Slain by a gnoll

Illustrated notes

Levels and vault maps discovered:
D:1:      psy_arrival_spokes, layout_loops_corners, minmay_misc_feat_chi
D:2:      layout_basic, shapermc_ecumenical_altar_mp_vishouse,
          minmay_tree_intersection, uniq_terence
D:3:      layout_loops_ring, trog_wizard, chequers_decorated_corner
D:4:      corexii_shack_village, layout_basic, serial_shops, shop
D:5:      layout_loops_ring, hangedman_decor_push
D:6:      layout_loops_ring, minmay_temple_entry_stoned_glass,
          hangedman_decor_lopped, minmay_misc_feat_enclosed
D:7:      layout_loops_ring
Temple:   regret_index_temple_generic_petals

Skill      XL: |  1  2  3  4  5  6  7  8  9 |
---------------+----------------------------+-----
Spellcasting   | 2 3 4 6 7 |  7.1
Dodging        | 3 4 6 |  6.1
Fighting       | 2 3 |  3.5
Unarmed Combat | 4 |  4.6
Shields        | 4 |  4.0

Action                   |  1- 3 |  4- 6 |  7- 9 || total
-------------------------+-------+-------+-------++-------
Melee: Unarmed           |   115 |   224 |   334 ||   673
       Headbutt          |    14 |    22 |     8 ||    44
       Punch             |       |     1 |     1 ||     2
 Cast: Beastly Appendage |    20 |    24 |     4 ||    48
       Wereblood         |     1 |       |       ||     1
       Spider Form       |     2 |     8 |    35 ||    45
       Slow              |       |     1 |       ||     1
       Summon Guardian G |       |       |     5 ||     5
  Use: Potion            |     1 |       |     2 ||     3
       Scroll            |       |       |     4 ||     4
 Stab: Sleeping          |     3 |       |     1 ||     4
Armor: Robe              |    18 |    22 |     5 ||    45
       Skin              |     1 |     3 |    12 ||    16
Dodge: Dodged            |    71 |   150 |   347 ||   568
Block: Buckler           |       |       |     5 ||     5

Table legend: (Time is in decaauts)
 A = Elapsed time spent in this place.
 B = Non-inter-level travel time spent in this place.
 C = Inter-level travel time spent in this place.
 D = Time resting spent in this place.
 E = Time spent auto-exploring this place.
 F = Levels seen in this place.
 G = Mean time per level.
                   A        B        C        D        E       F      G
               +--------+--------+--------+--------+--------+-----+--------+
         Total |   8499 |   8168 |    331 |   2397 |   4174 |   8 | 1062.4 |
       Dungeon |   8235 |   7948 |    287 |   2397 |   3958 |   7 | 1176.4 |
        Temple |    263 |    219 |     44 |      0 |    216 |   1 |  263.0 |
               +--------+--------+--------+--------+--------+-----+--------+

Top non-repeatable levels by time:
     D:1: 2614 daAuts
     D:2: 1952 daAuts
     D:3: 980 daAuts
     D:4: 978 daAuts
     D:6: 899 daAuts
     D:5: 713 daAuts
  Temple: 263 daAuts
     D:7: 95 daAuts
